 Dungeon Crawl Stone Soup version 0.31-a0-198-g2ad674f65e (webtiles) character file.

Game seed: 14864286761864381514

25 qw the Shooter (level 2, -1/16 HPs)
             Began as a Deep Elf Hunter on June 25, 2023.
             Succumbed to an adder's poison
             ... on level 1 of the Dungeon.
             The game lasted 00:00:17 (696 turns).

qw the Shooter (Deep Elf Hunter)                     Turns: 696, Time: 00:00:18

Health: -1/16      AC:  3    Str:  8    XL:     2   Next: 82%
Magic:  4/4        EV: 12    Int: 13    God:
Gold:   46         SH:  0    Dex: 18    Spells: 1/1 levels left

rFire   . . .        Y - +0 shortbow
rCold   . . .        (shield currently unavailable)
rNeg    . . .        c - +0 leather armour
rPois   .            (no helmet)
rElec   .            (no cloak)
rCorr   .            (no gloves)
SInv    .            (no boots)
Will    .....        (no amulet)
Stlth   ++           (no ring)
HPRegen 0.22/turn    (no ring)
MPRegen 0.09/turn

%: no passive effects
@: lethally poisoned (-1 -> -14)
A: no striking features
a: no special abilities


You were on level 1 of the Dungeon.
You visited 1 branch of the dungeon, and saw 2 of its levels.

You collected 46 gold pieces.


   Skills:
 - Level 1.5 Fighting
 + Level 6.5 Ranged Weapons
 - Level 2.4 Dodging
 - Level 1.2 Stealth


You had one spell level left.
You didn't know any spells.
Your spell library was empty.

Inventory:

Hand Weapons
 Y - a +0 shortbow (weapon)
Armour
 c - a +0 leather armour (worn)
Potions
 f - a potion of haste {unknown}
 g - a potion of curing {unknown}
 h - a potion of might {unknown}
 i - a potion of lignification {unknown}
 j - a potion of cancellation {unknown}

Dungeon Overview and Level Annotations

Branches:
Dungeon (2/15)

Altars:


Message History

There is a stone staircase leading down here.
You climb downwards.
Found 15 gold pieces.
There is a stone staircase leading up here.
An adder is nearby!
Waypoint 1 assigned to D:2.
You shoot an arrow.
The arrow hits the adder but does no damage.
The adder hisses angrily.
You shoot an arrow. The arrow hits the adder.
The adder is lightly wounded.
You hear an angry hiss.
An endoplasm comes into view.
A frilled lizard comes into view.
You shoot an arrow. The arrow hits the adder.
The adder is moderately wounded.
The adder barely misses you.
You shoot an arrow. The arrow closely misses the adder.
The adder bites you.
690 ||| STAIRDANCE The adder bites you.
You climb upwards.
There is a stone staircase leading down here.
You shoot an arrow. The arrow barely misses the adder.
The adder barely misses you. The adder bites you.
You shoot an arrow. The arrow barely misses the adder.
The adder bites you.
You are poisoned.
The adder poisons you!
You shoot an arrow. The arrow barely misses the adder.
You feel sick. The adder bites you.
You are lethally poisoned!
The adder poisons you! The adder bites you but does no damage.
You shoot an arrow. The arrow hits the adder.
The adder is heavily wounded.
You feel very sick. The adder bites you.
You are more poisoned.
The adder poisons you!
You shoot an arrow. The arrow hits the adder.
You kill the adder!
You die...

.# ###.#
.#####.#
.....#.######
......?.....#
####.#.####.#
##.#.# #.#
#####
###....#
#.###...#
.......#
#(......#
###...###
#####.@.#
##...[# ##.##
####.# #.#
#.# #.# #.#
#.# #.# #.#
#.# #.# #.#
#.# #.######
#.#


There were no monsters in sight!

Vanquished Creatures
  An adder (D:1)
  A bat (D:1)
  An endoplasm (D:1)
  3 hobgoblins (D:1)
  9 jackals (D:1)
  3 quokkas (D:1)
  A ball python (D:1)
  A rat (D:1)
20 creatures vanquished.

Notes
Turn   | Place    | Note
-------+----------+-------------------------------------------
     0 | D:1      | qw the Deep Elf Hunter began the quest for the Orb.
     0 | D:1      | Reached XP level 1. HP: 12/12 MP: 3/3
     0 | D:1      | 0 ||| qw: Version: 0.3-a-22-g0ed2b0b
     0 | D:1      | 0 ||| qw: Game counter: 5126
     0 | D:1      | 0 ||| qw: Melee chars always use a shield: true
     0 | D:1      | 0 ||| qw: God list: Okawaru
     0 | D:1      | 0 ||| qw: Allow faded altars: false
     0 | D:1      | 0 ||| qw: Do Orc after clearing Dungeon:15 true
     0 | D:1      | 0 ||| qw: Do second Lair branch before Depths: true
     0 | D:1      | 0 ||| qw: Lair rune preference: random
     0 | D:1      | 0 ||| qw: Goals: Normal
     0 | D:1      | 0 ||| PLANNING D:1-11
   174 | D:1      | Reached skill level 6 in Ranged Weapons
   174 | D:1      | Reached XP level 2. HP: 16/16 MP: 4/4
   426 | D:1      | HP: 4/16 [jackal (2)]
   665 | D:1      | 665 ||| READING 2 scrolls labelled MAOKLA PUVULUS.
   666 | D:1      | 666 ||| READING scroll labelled NOPHOCWIORCH.
   669 | D:1      | 669 ||| READING scroll labelled LOHIOBR YPHUO.
   670 | D:1      | 670 ||| DROPPING scroll of poison.
   671 | D:1      | 671 ||| DROPPING scroll of butterflies.
   690 | D:2      | 690 ||| STAIRDANCE
   695 | D:1      | HP: 3/16 [poisoned by an adder]
   695 | D:1      | HP: 1/16 [adder (2)]
   696 | D:1      | Succumbed to an adder's poison

Levels and vault maps discovered:
D:1:      nicolae_arrival_washed_ashore, layout_loops_ring
D:2:      layout_basic, minmay_tetromino_o4

Skill      XL: |  1 |
---------------+----+-----
Ranged Weapons | 6 |  6.5
Fighting       | |  1.5
Dodging        | |  2.4
Stealth        | |  1.2

Action                     || total
---------------------------++-------
   Fire: Shortbow          ||    77
    Use: Scroll            ||     3
 Armour: Leather armour    ||    17
  Dodge: Dodged            ||    28

Table legend:
 A = Non-vault XP
 B = Vault XP
 C = Vault XP percentage of total XP
 D = Non-vault monster count
 E = Vault monster count
 F = Vault count percentage of total count
                 A         B        C        D         E       F
            +---------+---------+-------+---------+---------+-------
      Total |      36 |      14 |  28.0 |      19 |       1 |   5.0
            +---------+---------+-------+---------+---------+-------
        D:1 |      36 |      14 |  28.0 |      19 |       1 |   5.0
            +---------+---------+-------+---------+---------+-------
